 Dungeon Crawl Stone Soup version 0.21-a0-153-g78480df (webtiles) character file.

405 Gate88 the Ruffian (level 6, -3/59 HPs)
             Began as a Troll Monk on July 31, 2017.
             Slain by Pikel
             ... wielding a +1 whip of electrocution
              (12 damage)
             ... on level 4 of the Dungeon.
             The game lasted 00:06:03 (2562 turns).

Gate88 the Ruffian (Troll Monk)                     Turns: 2562, Time: 00:06:03

Health: -3/59      AC:  5    Str: 24    XL:     6   Next: 56%
Magic:  5/5        EV: 10    Int:  9    God:
Gold:   235        SH:  0    Dex: 14    Spells: 5/5 levels left

rFire    . . .     SeeInvis .     - Unarmed
rCold    . . .     Gourm    +   (no shield)
rNeg     . . .     Faith    .   a - +0 robe
rPois    .         Spirit   .   (helmet restricted)
rElec    .         Reflect  .   (no cloak)
rCorr    .         Harm     .   (gloves unavailable)
MR       .....                  (boots unavailable)
Stlth    ++........             (no amulet)
HPRegen  0.59/turn              c - +4 ring of strength
MPRegen  0.09/turn              e - +3 ring of intelligence

@: no status effects
A: unfitting armour, claws 3, fast metabolism 3, gourmand, regeneration 1,
shaggy fur 1, tough skin 2
a: no special abilities


You were on level 4 of the Dungeon.
You were very full.

You visited 1 branch of the dungeon, and saw 4 of its levels.

You collected 235 gold pieces.

Inventory:

Missiles
 d - 76 stones (quivered)
Armour
 a - a +0 robe (worn)
Jewellery
 c - a +4 ring of strength (left claw)
 e - a +3 ring of intelligence (right claw)
Wands
 z - a wand of confusion (36/48)
Scrolls
 f - 2 scrolls of fog {unknown}
 i - a scroll of identify {unknown}
 j - a scroll of fear {unknown}
 k - 6 scrolls of remove curse {unknown}
 n - a scroll of amnesia {unknown}
 o - a scroll of immolation {unknown}
 p - 2 scrolls of teleportation {unknown}
 y - a scroll of enchant armour {unknown}
Potions
 g - 2 potions of heal wounds {unknown}
 m - a potion of cancellation {unknown}
 r - a potion of berserk rage {unknown}
 s - 2 potions of might
 u - a potion of brilliance {unknown}
 v - a potion of magic {unknown}
 w - a potion of degeneration {unknown}
 x - 2 potions of flight {unknown}
Books
 t - a book of Conjurations

   Spells                             Type                      Level
   a - Magic Dart                     Conjuration                  1
   b - Searing Ray                    Conjuration                  2
   c - Dazzling Spray                 Conjuration/Hexes            3
   d - Fulminant Prism                Conjuration/Hexes            4
   e - Force Lance                    Conjuration/Translocation    4
   f - Iskenderun's Mystic Blast      Conjuration                  4
Comestibles
 b - 4 bread rations
 h - 2 royal jellies
 l - a chunk of flesh
 q - 3 meat rations


   Skills:
 - Level 2.4 Fighting
 - Level 2.4 Dodging
 - Level 1.0 Stealth
 + Level 7.5 Unarmed Combat


You had 5 spell levels left.
You didn't know any spells.

Dungeon Overview and Level Annotations

Branches:
Dungeon (4/15)
 Temple: D:4-7

Altars:
Nemelex Xobeh

Annotations:
D:4 Pikel


Innate Abilities, Weirdness & Mutations

You are too large for most types of armour.
You have claws for hands.
Your metabolism is lightning-fast.
You like to eat raw meat.
Your natural rate of healing is unusually fast.
You are covered in fur. (AC +1)
You have very tough skin. (AC +2)


Message History

Pikel sighs. "I should capture elves; my bodyguards all look the same!"
A dart slug comes into view.
The dart slug launches a dart at you. The slug dart hits you!
Pikel barely misses you.
You closely miss Pikel.
Pikel is heavily wounded.
Pikel closely misses you.
You claw Pikel!
Pikel is almost dead.
Pikel hits you with a whip of electrocution!
You scratch Pikel. Your claw misses Pikel.
Pikel is almost dead.
Pikel hits you with a whip of electrocution.
You scratch Pikel but do no damage.
Pikel is almost dead.
Pikel hits you with a whip of electrocution!
* * * LOW HITPOINT WARNING * * *
You are electrocuted!
You die...

#....##.#.#≈≈≈≈≈≈≈≈≈≈≈≈≈..#
#....##.#...≈≈≈≈≈≈≈#≈≈≈#.##
#....##.##....≈≈≈≈#≈≈.##.#
#....##......##≈≈.≈≈#..#.#
##########.######.#.p.#..#
#.######...#...##
#....#.....#p###
####.#p#####<# ###@#.#
#.######## #pK.#p#
#.p..p.... #p###.#
########## #.###.# #...p.#
#######


You could see Pikel and 2 slaves.

Vanquished Creatures
  Duvessa (D:4)
  A slave (D:4)
  Dowan (D:4)
  A crimson imp (D:3)
  Terence (D:2)
  Natasha (D:3)
  A worker ant (D:3)
  3 gnolls (D:3)
  An adder (D:2)
  2 worms
  12 dart slugs
  2 leopard geckos (D:3)
  An orc (D:3)
  2 ball pythons
  3 giant cockroaches
  4 goblins
  7 hobgoblins
  2 jackals (D:4)
  A ball python skeleton (D:4)
  8 bats
  A frilled lizard (D:2)
  10 kobolds
  11 rats
77 creatures vanquished.

Notes
Turn   | Place    | Note
-------+----------+-------------------------------------------
     0 | D:1      | Gate88 the Troll Monk began the quest for the Orb.
     0 | D:1      | Reached XP level 1. HP: 22/22 MP: 0/0
   186 | D:1      | Reached XP level 2. HP: 27/29 MP: 1/1
   609 | D:2      | Noticed Terence
   618 | D:2      | Killed Terence
   618 | D:2      | Reached skill level 4 in Unarmed Combat
   618 | D:2      | Reached XP level 3. HP: 33/36 MP: 2/2
  1046 | D:2      | Reached XP level 4. HP: 44/44 MP: 3/3
  1323 | D:2      | Reached skill level 5 in Unarmed Combat
  1639 | D:3      | Reached XP level 5. HP: 49/50 MP: 4/4
  1877 | D:3      | Reached skill level 6 in Unarmed Combat
  1892 | D:3      | Found a sparkling altar of Nemelex Xobeh.
  1980 | D:3      | Noticed Natasha
  1988 | D:3      | Killed Natasha
  2319 | D:4      | Noticed Dowan
  2328 | D:4      | Noticed Duvessa
  2339 | D:4      | Killed Duvessa
  2339 | D:4      | Reached skill level 7 in Unarmed Combat
  2339 | D:4      | Reached XP level 6. HP: 40/59 MP: 5/5
  2352 | D:4      | Killed Dowan
  2484 | D:4      | Noticed a slave
  2488 | D:4      | Noticed a slave
  2489 | D:4      | Noticed Pikel
  2489 | D:4      | Noticed a slave
  2504 | D:4      | Killed a slave
  2562 | D:4      | Slain by Pikel

Vault maps used:
D:1:      scummos_arrival_star, serial_bayou_lagoon_b
D:2:      kennysheep_six_static_rooms, first_bread, nrook_mini_vaults,
          uniq_terence
D:3:      lemuel_statue_altar, uniq_natasha
D:4:      kennysheep_slugbush, uniq_blork_the_orc, uniq_duvessa, uniq_pikel

Skill      XL: |  1  2  3  4  5 |
---------------+----------------+-----
Unarmed Combat | 4 5 7 |  7.5
Fighting       | |  2.4
Dodging        | |  2.4
Stealth        | |  1.0

Action                   |  1- 3 |  4- 6 || total
-------------------------+-------+-------++-------
Melee: Unarmed           |    72 |   132 ||   204
       Punch             |       |     2 ||     2
Evoke: Wand              |       |     1 ||     1
 Stab: Sleeping          |     2 |     3 ||     5
  Eat: Chunk             |    15 |    13 ||    28
Armor: Robe              |    35 |    36 ||    71
Dodge: Dodged            |    41 |    48 ||    89
